 Dungeon Sprint DCSS version 0.18-a0-1273-g8ec5f8e (webtiles) character file.

1250 pipel the Bludgeoner (level 8, -1/97 HPs)
             Began as an Ogre Ice Elementalist on Feb 7, 2016.
             Was a Priest of Okawaru.
             Slain by a white ugly thing (16 damage)
             ... in the Dungeon (Sprint IX: "|||||||||||||||||||||||||||||").
             The game lasted 00:03:38 (884 turns).

pipel the Bludgeoner (Ogre Ice Elementalist)         Turns: 884, Time: 00:03:38

Health: -1/97      AC: 10    Str: 14    XL:     8   Next: 50%
Magic:  6/11       EV: 10    Int: 17    God:    Okawaru [***...]
Gold:   0          SH:  0    Dex: 12    Spells: 3 memorised, 3 levels left

rFire  . . .     SeeInvis .     a - +2 morningstar (protect)
rCold  . . .     Gourm    .     p - +0 robe
rNeg   . . .     Faith    .     (no shield)
rPois  .         Spirit   .     (helmet restricted)
rElec  .         Dismiss  .     (no cloak)
rCorr  .         Reflect  .     (gloves unavailable)
SustAt .         Harm     .     (boots unavailable)
MR     .....     NoTele   +     (no amulet)
Stlth  ++........               s - +2 ring of protection
                                r - +3 ring of intelligence

@: very slightly contaminated, not resistant to hostile enchantments, unstealthy
A: unfitting armour, tough skin 1
a: Heroism, Renounce Religion


You were in the Dungeon.
You worshipped Okawaru.
Okawaru was most pleased with you.
You were near starving.

You visited 1 branch

Inventory:

Hand Weapons
 a - a +2 morningstar of protection (weapon)
 j - a +0 club
Armour
 p - a +0 robe (worn)
 q - a +0 cloak
Magical Staves
 b - an uncursed staff of energy
Jewellery
 r - a +3 ring of intelligence (left hand)
 s - a +2 ring of protection (right hand)
Wands
 n - a wand of lightning (0/15)
Scrolls
 i - 2 scrolls of blinking
 l - 3 scrolls of remove curse
 m - 2 scrolls of amnesia
Potions
 d - 5 potions of curing
 e - a potion of heal wounds
 f - a potion of haste
 g - 4 potions of magic
 h - a potion of berserk rage
 k - a potion of invisibility
Books
 o - a book of Frost

   Spells                             Type                      Level
   a - Freeze                         Ice                          1
   b - Throw Frost                    Conjuration/Ice              2
   c - Ozocubu's Armour               Charms/Ice                   3
   d - Throw Icicle                   Conjuration/Ice              4
   e - Summon Ice Beast               Ice/Summoning                4
   f - Condensation Shield            Ice                          4
Comestibles
 c - a bread ration


   Skills:
 + Level 11.3 Fighting
 * Level 16.7 Maces & Flails
 - Level 1.7 Dodging
 - Level 1.5 Stealth
 - Level 2.4 Spellcasting
   Level 0.6 Conjurations
 + Level 6.6 Ice Magic


You had 3 spell levels left.
You knew the following spells:

 Your Spells              Type           Power        Failure   Level  Hunger
a - Freeze                Ice            ###.         1%          1    #......
b - Ozocubu's Armour      Chrm/Ice       ##......     17%         3    ###....
c - Condensation Shield   Ice            ###.......   14%         4    #####..


Dungeon Overview and Level Annotations

Branches:
Dungeon (1/1)

Altars:
Cheibriados
Dithmenos
Elyvilon
Fedhas
Gozag
Kikubaaqudgha
Makhleb
Nemelex Xobeh
Okawaru
Pakellas
Qazlal
Ru
Sif Muna
Trog
Vehumet
Xom
Yredelemnul
Zin
The Shining One
Beogh
Jiyva
Lugonu


Innate Abilities, Weirdness & Mutations

You are too large for most types of armour.
You have tough skin (AC +1).


Message History

Drink which item? (? for menu, Esc to quit)
You feel much better.
The red ugly thing basks in your mutagenic energy and changes!
You regained 25 hp, and now have 42/97 hp.
You completely miss the white ugly thing.
The white ugly thing is heavily wounded.
You hit the white ugly thing.
The white ugly thing is heavily wounded.
You puncture the white ugly thing!
The white ugly thing is severely wounded.
The white ugly thing trunk-slaps you!
* * * LOW HITPOINT WARNING * * *
The white ugly thing freezes you!!
* * * LOW HITPOINT WARNING * * *
You take 39 damage, and have 3/97 hp.
MASSIVE DAMAGE!!
Drink which item? (? for menu, Esc to quit)
You feel much better. The white ugly thing trunk-slaps you.
* * * LOW HITPOINT WARNING * * *
The white ugly thing freezes you!
You die...

▓+▓
▓.▓
▓.▓
▓.▓
▓.▓
▓u▓
▓@▓
▓†▓
▓(▓
▓.▓
▓.▓
▓.▓
▓.▓
▓.▓
▓'▓


You could see a white ugly thing.

Vanquished Creatures
  A cyclops (D)
  A human (shapeshifter) (D)
  A yak (D)
  A hungry ghost (D)
  A wasp (D)
  An ice beast (D)
  A centaur (D)
  2 giant frogs (D)
  A crimson imp (D)
  A worker ant (D)
  An adder zombie (D)
  A ball python (D)
  3 giant cockroaches (D)
  A hobgoblin (D)
  2 quokkas (D)
  A giant newt (D)
  A rat (D)
21 creatures vanquished.

Notes
Turn   | Place    | Note
--------------------------------------------------------------
     0 | D        | pipel the Ogre Ice Elementalist began the quest for the Orb.
     0 | D        | Reached XP level 1. HP: 16/16 MP: 3/3
    13 | D        | Reached skill level 3 in Fighting
    27 | D        | Reached skill level 4 in Fighting
   256 | D        | Noticed a crimson imp
   263 | D        | Reached XP level 2. HP: 25/33 MP: 3/5
   273 | D        | Killed a crimson imp
   273 | D        | Reached skill level 5 in Fighting
   273 | D        | Reached skill level 6 in Maces & Flails
   273 | D        | Reached XP level 3. HP: 8/44 MP: 0/6
   287 | D        | Found a glowing silver altar of Zin.
   287 | D        | Found a glowing golden altar of the Shining One.
   287 | D        | Found an ancient bone altar of Kikubaaqudgha.
   287 | D        | Found a basalt altar of Yredelemnul.
   287 | D        | Found a shimmering altar of Xom.
   287 | D        | Found a radiant altar of Vehumet.
   288 | D        | Found an iron altar of Okawaru.
   289 | D        | Found a burning altar of Makhleb.
   290 | D        | Found a deep blue altar of Sif Muna.
   291 | D        | Found a bloodstained altar of Trog.
   292 | D        | Found a sparkling altar of Nemelex Xobeh.
   293 | D        | Found a white marble altar of Elyvilon.
   294 | D        | Found a roughly hewn altar of Beogh.
   295 | D        | Found a viscous altar of Jiyva.
   296 | D        | Became a worshipper of Warmaster Okawaru
   297 | D        | Found a corrupted altar of Lugonu.
   298 | D        | Found a blossoming altar of Fedhas.
   299 | D        | Found a snail-covered altar of Cheibriados.
   300 | D        | Found a shadowy altar of Dithmenos.
   301 | D        | Found a stormy altar of Qazlal.
   302 | D        | Found an opulent altar of Gozag.
   303 | D        | Found a sacrificial altar of Ru.
   304 | D        | Found an oddly glowing altar of Pakellas.
   340 | D        | Learned a level 3 spell: Ozocubu's Armour
   555 | D        | Noticed a yak
   555 | D        | Noticed a wasp
   555 | D        | Noticed a giant frog
   555 | D        | Noticed a giant frog
   555 | D        | Noticed an ice beast
   561 | D        | Killed an ice beast
   561 | D        | Reached skill level 10 in Maces & Flails
   561 | D        | Reached XP level 4. HP: 22/53 MP: 3/7
   561 | D        | Reached XP level 5. HP: 25/61 MP: 3/8
   562 | D        | Reached skill level 11 in Maces & Flails
   564 | D        | Reached * piety under Okawaru
   564 | D        | Reached skill level 12 in Maces & Flails
   565 | D        | Reached skill level 13 in Maces & Flails
   565 | D        | Reached XP level 6. HP: 26/74 MP: 4/9
   566 | D        | Killed a wasp
   566 | D        | Reached skill level 14 in Maces & Flails
   573 | D        | Killed a yak
   573 | D        | Reached ** piety under Okawaru
   573 | D        | Reached skill level 10 in Fighting
   573 | D        | Reached skill level 15 in Maces & Flails
   573 | D        | Reached XP level 7. HP: 18/85 MP: 5/10
   589 | D        | Learned a level 4 spell: Condensation Shield
   860 | D        | Noticed a green ugly thing
   860 | D        | Noticed a cyclops
   860 | D        | Noticed a hungry ghost
   860 | D        | Noticed a human
   865 | D        | Killed a human
   867 | D        | Reached skill level 16 in Maces & Flails
   871 | D        | Killed a hungry ghost
   871 | D        | Reached skill level 5 in Ice Magic
   871 | D        | Reached XP level 8. HP: 90/96 MP: 5/11
   875 | D        | Killed a cyclops
   875 | D        | Reached *** piety under Okawaru
   883 | D        | HP: 3/97 [white ugly thing (26)]
   884 | D        | Slain by a white ugly thing

Vault maps used:
D:        linesprint

Action                   |  1- 3 |  4- 6 |  7- 9 || total
-------------------------+-------+-------+-------++-------
Melee: Unarmed           |    30 |       |       ||    30
       Club              |    19 |       |       ||    19
       Morningstar       |     5 |    11 |    13 ||    29
 Cast: Freeze            |     9 |       |       ||     9
       Ozocubu's Armour  |     1 |       |     1 ||     2
Invok: Heroism           |       |       |     2 ||     2
Evoke: Wand              |     1 |     1 |     5 ||     7
       Staff of energy   |       |       |     2 ||     2
  Use: Potion            |       |       |     2 ||     2
